 Dungeon Crawl Stone Soup version 0.25.0-10-g039870ee82 (webtiles) character file.

Game seed: 5138823324260869273

11 DeadF the Sneak (level 2, -17/11 HPs)
             Began as a Felid Enchanter on June 22, 2020.
             Demolished by a kobold
             ... wielding a +2 dagger of electrocution
              (20 damage)
             ... on level 2 of the Dungeon.
             The game lasted 00:00:54 (1022 turns).

DeadF the Sneak (Felid Enchanter)                   Turns: 1022, Time: 00:00:56

Health: -17/11     AC:  1    Str:  4    XL:     2   Next: 13%
Magic:  6/6        EV: 18    Int: 16    God:
Gold:   45         SH:  0    Dex: 16    Spells: 4/5 levels left
                                        Lives:  0   Deaths: 0

rFire    . . .     SeeInvis +     - Unarmed
rCold    . . .     Gourm    .   (shield unavailable)
rNeg     . . .     Faith    .   (armour unavailable)
rPois    .         Spirit   .   (helmet unavailable)
rElec    .         Reflect  .   (cloak unavailable)
rCorr    .         Harm     .   (gloves unavailable)
MR       .....                  (boots unavailable)
Stlth    +++.......             d - amulet of regeneration
HPRegen  0.43/turn              (no ring)
MPRegen  0.10/turn              (no ring)

@: quick
A: very small, no armour, no weapons or thrown items, stealth, claws 1, fangs 3,
see invisible, carnivore, speed 1, shaggy fur 1, slow metabolism 1, sharp paws
a: no special abilities


You were on level 2 of the Dungeon.
You were very full.

You visited 1 branch of the dungeon, and saw 2 of its levels.

You collected 45 gold pieces.

Inventory:

Jewellery
 d - an amulet of regeneration (around neck)
Scrolls
 a - a scroll of noise {unknown}
 c - 3 scrolls of remove curse {unknown}
 e - 2 scrolls of teleportation {unknown}
 f - 3 scrolls of identify {unknown}
 g - a scroll of immolation {unknown}
Potions
 h - a potion of haste {unknown}
Comestibles
 b - 5 rations


   Skills:
 + Level 3.3 Dodging
 + Level 4.5 Stealth
 - Level 1.0 Unarmed Combat
 - Level 2.0 Spellcasting
 - Level 4.4 Hexes


You had 4 spell levels left.
You knew the following spells:

 Your Spells              Type           Power        Failure   Level  Hunger
a - Corona                Hex            ###....      3%          1    #......

Your spell library contained the following spells:

 Spells                   Type           Power        Failure   Level  Hunger
 Confusing Touch          Hex            ###.....     11%         3    ###....
 Tukima's Dance           Hex            ###.....     11%         3    ###....
 Ensorcelled Hibernation  Hex/Ice        #.....       13%         2    ###....
 Dazzling Flash           Conj/Hex       #.....       26%         3    ###....


Dungeon Overview and Level Annotations

Branches:
Dungeon (2/15)

Altars:


Innate Abilities, Weirdness & Mutations

You cannot wear armour.
You are incapable of wielding weapons or throwing items.
Your paws allow you to move quietly. (Stealth)
You have sharp claws.
You have razor-sharp teeth.
You have supernaturally acute eyesight. (SInv)
You are carnivorous and can eat meat at any time.
You cover ground quickly.
You are covered in fur. (AC +1)
You have a slow metabolism.
Your sharp claws are effective at attacking unaware monsters.


Message History

A kobold is nearby!
Found a scroll labeled JECLIE BAOBUI.
A leopard gecko comes into view.
Found 14 gold pieces.
The kobold shouts!
A giant cockroach comes into view.
The kobold throws a stone.
The stone closely misses you. The kobold misses you.
You closely miss the kobold.
The kobold hits you with a +2 dagger of electrocution.
You barely miss the kobold.
A kobold comes into view. It is wielding a +0 short sword.
The kobold barely misses you.
You closely miss the kobold.
The kobold shouts!
The kobold hits you with a +2 dagger of electrocution.
* * * LOW HITPOINT WARNING * * *
You are electrocuted!!
Ouch! That really hurt!
You die...

........##.#
.......##'######
..........(%...#
#.........##.#
#...........?..
#.........##.##
#............#
#.........####
#.@.......#
#Ks.......#
#.........#
............
..$..........
......##..K...
.......# .....
##......# ...


You could see a giant cockroach and 2 kobolds.

Vanquished Creatures
  A bat (D:1)
  A giant cockroach (D:1)
  2 goblins
  2 hobgoblins (D:1)
  A frilled lizard (D:1)
  3 rats (D:1)
10 creatures vanquished.

Notes
Turn   | Place    | Note
-------+----------+-------------------------------------------
     0 | D:1      | DeadF the Felid Enchanter began the quest for the Orb.
     0 | D:1      | Reached XP level 1. HP: 7/7 MP: 4/4
   773 | D:1      | Reached XP level 2. HP: 11/11 MP: 6/6
  1022 | D:2      | Demolished by a kobold

Illustrated notes

Levels and vault maps discovered:
D:1:      minmay_arrival_four_circles, layout_basic, minivault_14,
          minmay_domino_2
D:2:      layout_basic, first_ration, uniq_crazy_yiuf_cottage, uniq_natasha,
          uniq_terence

Skill      XL: |  1 |
---------------+----+-----
Dodging        | 3 |  3.3
Stealth        | |  4.5
Unarmed Combat | |  1.0
Spellcasting   | |  2.0
Hexes          | |  4.4

Action                   || total
-------------------------++-------
Melee: Unarmed           ||    28
       Bite              ||     2
 Stab: Sleeping          ||     4
  Eat: Chunk             ||     5
Armor: Skin              ||     2
Dodge: Dodged            ||    21
